Cogmind - Beta 11 X8 @@@ ROGUE MODE // 2021.12.17 @ 14:17:23 Player: btmk16 Result: Destroyed by S-43 Plague with Heavy Machine Gun Performance ------------- Evolutions (9) 4500 Regions Visited (13) 2600 Robots Destroyed (258) 1290 Value Destroyed (10846) 10846 Prototype IDs (19) 380 Alien Tech Used (0) 0 Bonus (947) 947 TOTAL SCORE: 20563 Bonus ------- High Alert Combat Kills 947 Cogmind --------- Core Integrity 0/1600 Matter 283/300 Energy 99/100 System Corruption 24% Temperature Cool (0) Movement Core (50) Location -1/Access Parts ------- > --- POWER (2) -------- (None) > --- PROPULSION (6) --- (None) > --- UTILITY (10) ----- (None) > --- WEAPON (7) ------- (None) > --- INVENTORY (5) ---- Light Quantum Reactor Improved Heavy Armor Plating Improved Heavy Armor Plating Peak State ------------ > --- POWER ------------ Particle Reactor Light Particle Reactor > --- PROPULSION ------- Advanced Heavy Treads Advanced Heavy Treads Biometal Heavy Treads > --- UTILITY ---------- Advanced Heat Sink Advanced Heat Sink Advanced Heat Sink Huge Storage Unit Experimental Optical Array Advanced Target Analyzer Advanced Transmission Jammer Layered Heavy Armor Plating Improved Focal Shield > --- WEAPON ----------- Gamma Rifle Precision Phase Gun Enhanced Quantum Rifle Enhanced Quantum Rifle Heavy Quantum Rifle Heavy Linear Accelerator > --- INVENTORY -------- Particle Reactor Light Particle Reactor Advanced Heavy Treads Improved Heavy Siege Treads Impulse Thruster Array Experimental Matter Compressor Experimental Matter Compressor Energy Filter Advanced Transmission Jammer Improved Heavy Armor Plating Improved Heavy Armor Plating Improved Heavy Armor Plating Advanced Shield Generator Phase Gun Phase Gun Enhanced Quantum Rifle Compact HERF Cannon Compact HERF Cannon Compact HERF Cannon [Rating: 204] Favorites ----------- Power Light Particle Reactor Engine Cooled Ion Engine Power Core Light Nuclear Core Reactor Light Particle Reactor Propulsion Medium Treads Treads Medium Treads Leg Aluminum Leg Wheel Wheel Hover Unit Antigrav System Flight Unit Impulse Thruster Array Utility Advanced Heat Sink Device Advanced Heat Sink Storage High-capacity Storage Unit Processor Enhanced Optical Array Hackware Hacking Suite Protection Improved Medium Armor Plating Weapon Enhanced Quantum Rifle Energy Gun Enhanced Quantum Rifle Energy Cannon Nova Cannon Ballistic Gun Flak Gun Ballistic Cannon Improved Light Cannon Launcher Rocket Launcher Impact Weapon Heavy Mace Slashing Weapon Katana Piercing Weapon Heavy Pick Build | -11 -10 -9 -8 -7 -6 -5 -4 -4 -4 -3 -2 -2 -1 ------- Run | Scr Mat Mat Mat Fac Fac Fac Fac Upp Upp Res Res Tes Acc Slots Evolved 18 | . . 2 2 2 2 2 2 . . 2 2 . 2 Power 1 | . . . . . . . 1 . . . . . . Propulsion 4 | . . . 1 1 . . 1 . . 1 . . . Utility 8 | . . . 1 1 1 2 . . . 1 1 . 1 Weapon 5 | . . 2 . . 1 . . . . . 1 . 1 Parts Attached 270 | . 9 14 16 65 44 9 7 4 1 45 21 6 29 Power 28 | . 1 1 3 4 2 . 1 1 . 8 1 . 6 Engine 8 | . 1 1 2 2 1 . . . . . . . 1 Core 5 | . . . 1 2 1 . . 1 . . . . . Reactor 15 | . . . . . . . 1 . . 8 1 . 5 Propulsion 67 | . 2 2 4 21 14 5 2 . . 10 . . 7 Treads 38 | . . . 4 13 6 . 1 . . 9 . . 5 Leg 4 | . . . . 3 1 . . . . . . . . Wheel 21 | . 2 2 . 4 7 4 1 . . 1 . . . Hover 1 | . . . . . . . . . . . . . 1 Flight 3 | . . . . 1 . 1 . . . . . . 1 Utility 79 | . 3 . 3 13 15 3 3 1 1 14 12 3 8 Device 49 | . 1 . 1 6 7 1 2 1 1 10 9 2 8 Storage 11 | . 2 . . . 7 . . . . 1 1 . . Processor 5 | . . . 1 . 1 . . . . 1 1 1 . Hackware 1 | . . . . 1 . . . . . . . . . Protection 13 | . . . 1 6 . 2 1 . . 2 1 . . Artifact . | . . . . . . . . . . . . . . Weapon 96 | . 3 11 6 27 13 1 1 2 . 13 8 3 8 Energy Gun 29 | . . 1 3 6 4 . 1 . . 2 6 2 4 Energy Cannon 11 | . . . . . 2 . . 2 . 4 2 . 1 Ballistic Gun 40 | . 1 9 2 13 7 1 . . . 5 . . 2 Ballistic Cannon 4 | . 2 . . . . . . . . . . 1 1 Launcher 6 | . . 1 1 3 . . . . . 1 . . . Special Weapon . | . . . . . . . . . . . . . . Impact Weapon 1 | . . . . 1 . . . . . . . . . Slashing Weapon 4 | . . . . 4 . . . . . . . . . Piercing Weapon 1 | . . . . . . . . . . 1 . . . Special Melee Weapon . | . . . . . . . . . . . . . . Unidentified Prototypes 19 | . . 1 2 3 3 1 . . . 3 2 3 1 Corrupted Parts 1 | . . . . . . . . . . . . . 1 System Corruption 2 | . . . . . . . . . . . . . 2 Parts Lost 82 | . . 1 . 19 16 1 1 . . 9 4 . 31 Power 6 | . . . . 2 . . 1 . . . . . 3 Propulsion 24 | . . 1 . 8 6 . . . . 1 . . 8 Utility 25 | . . . . 3 4 . . . . 5 . . 13 Weapon 27 | . . . . 6 6 1 . . . 3 4 . 7 Highest Loss Streak 23 | . . 1 . 6 7 1 1 . . 4 3 . 23 Average Slot Usage (%) 89 | . 94 100 99 89 93 100 93 93 92 86 81 79 70 Engine 3 | . 14 11 7 3 1 5 1 . . . . . . Core 1 | . . . 1 2 4 . . 3 5 . . . . Reactor 2 | . . . . . . . 3 5 5 7 8 8 6 Treads 16 | . . . 26 23 20 5 6 10 10 17 13 13 9 Leg 1 | . 22 . . . 1 . . . . . . . . Wheel 4 | . 5 22 . 3 3 16 19 15 15 2 . . . Device 14 | . 8 11 14 13 15 11 10 9 8 18 18 16 19 Storage 6 | . 14 11 9 4 7 11 10 10 10 5 4 4 3 Processor 3 | . . . 2 . 5 5 5 5 5 4 6 8 7 Protection 3 | . . . . 5 . 10 10 10 10 5 4 4 2 Energy Gun 8 | . 7 1 8 9 8 11 10 2 . . 13 22 16 Energy Cannon 2 | . . . . . 4 . . 7 10 7 6 . . Ballistic Gun 13 | . 7 33 27 12 12 17 15 11 10 12 4 . . Ballistic Cannon 1 | . 13 9 . . . . . . . . . 1 3 Slashing Weapon 1 | . . . . 4 3 . . . . . . . . Naked Turns 36 | . . . . 33 . . . . . . . . 3 Heaviest Build 197 | 13 54 61 65 69 78 87 94 115 110 166 180 188 197 Greatest Support 220 | 20 20 26 60 112 112 30 46 36 36 210 210 210 220 Greatest Overweight (x) 8 | . 2 3 2 6 3 8 2 3 3 3 . . . Average Overweight (x) . | . . 2 . . . 3 1 2 3 . . . . Largest Inventory Capacity 25 | 8 20 20 20 20 20 20 20 20 20 25 25 25 25 Average Capacity 17 | 8 11 20 20 13 9 20 20 20 20 20 25 25 22 Most Carried 25 | 6 20 20 20 20 20 19 20 20 20 25 25 25 25 Average Carried 16 | 6 10 19 19 13 8 18 19 19 19 19 24 24 19 Final Capacity 25 | 8 20 20 20 5 20 20 20 20 20 25 25 25 5 Final Carried 25 | 6 20 20 20 5 20 19 20 20 19 25 25 24 5 Class Distribution -------------------- 30% | Scavenger-Tank 16% | Mutant 15% | Scavenger-Skirmisher 13% | Scavenger-Executioner 12% | Scavenger-Mutant 8% | Skirmisher Dominant Class ---------------- Mutant | -10/Materials Skirmisher | -9/Materials Scavenger-Skirmisher | -8/Materials Mutant | -7/Factory Scavenger-Tank | -6/Factory Scavenger-Tank | -5/Factory Scavenger-Tank | -4/Factory Scavenger-Mutant | -4/Upper Caves Scavenger-Mutant | -4/Upper Caves Scavenger-Tank | -3/Research Scavenger-Executioner | -2/Research Scavenger-Executioner | -2/Testing Scavenger-Executioner | -1/Access Resources | -11 -10 -9 -8 -7 -6 -5 -4 -4 -4 -3 -2 -2 -1 ----------- Run | Scr Mat Mat Mat Fac Fac Fac Fac Upp Upp Res Res Tes Acc Matter Collected 8346 | 200 123 643 605 1400 1225 15 104 94 54 1197 1500 67 1119 Remotely . | . . . . . . . . . . . . . . Salvage Created 11836 | . 174 849 1093 2715 1740 115 188 78 . 1462 1241 62 2119 Parts 546 | . 14 64 58 137 84 8 9 2 . 64 41 . 65 Haulers Intercepted 10 | . . . 2 5 1 . . . . . 1 . 1 Recyclers Shooed 10 | . 1 1 1 1 4 . 1 . . . . . 1 Parts Field Recycled . | . . . . . . . . . . . . . . Retrieved Matter . | . . . . . . . . . . . . . . Parts Self-Destructed . | . . . . . . . . . . . . . . Prevented 1 | . . . . . . . . 1 . . . . . Kills | -11 -10 -9 -8 -7 -6 -5 -4 -4 -4 -3 -2 -2 -1 ------- Run | Scr Mat Mat Mat Fac Fac Fac Fac Upp Upp Res Res Tes Acc Combat Hostiles Destroyed 179 | . 6 24 13 50 23 3 3 1 . 20 9 1 26 Melee 9 | . . . . 9 . . . . . . . . . Guns 113 | . 4 18 13 28 16 1 3 1 . 11 5 . 13 Cannons 27 | . 2 4 . . 6 . . . . 7 1 . 7 AOE 18 | . . 2 . 11 1 2 . . . . . . 2 Classes Destroyed 17 | . 3 3 6 4 . . . . . 1 . . . Worker 25 | . . 1 1 7 3 . . . . 4 3 . 6 Builder 11 | . . . 3 3 3 1 . . . 1 . . . Tunneler 1 | . . . 1 . . . . . . . . . . Hauler 10 | . . . 2 5 1 . . . . . 1 . 1 Recycler 16 | . . . 3 5 3 . . . . 1 3 . 1 Mechanic 1 | . . . . 1 . . . . . . . . . Operator 4 | . . . 2 . . 1 . . . . . . 1 Watcher 11 | . 1 3 2 1 1 . . . . . 1 . 2 Swarmer 22 | . 3 8 . 9 2 . . . . . . . . Grunt 60 | . 3 10 9 18 9 . 2 . . 5 . . 4 Duelist 3 | . . 1 . 2 . . . . . . . . . Protector 2 | . . . . 2 . . . . . . . . . Sentry 24 | . . 5 2 4 6 1 1 1 . 3 1 . . Specialist 2 | . . . . 2 . . . . . . . . . Hunter 31 | . . . 2 9 3 2 . . . 2 . . 13 Programmer 33 | . . . . 4 3 . . . . 9 7 1 9 Heavy 2 | . . . . . . . . . . 1 1 . . Best Kill Streak 15 | . 4 11 5 15 8 3 2 1 . 5 5 1 10 Combat Bots Only 10 | . 4 8 3 10 6 2 2 1 . 3 3 1 8 Max Kills in Single Turn 5 | . 1 2 2 5 2 2 1 1 . 1 2 1 4 Gunslinging 1 | . . 1 . . . . . . . . . . . Exploded 3 | . . 1 . 3 1 2 . . . . . . 2 Melee 1 | . . . . 1 . . . . . . . . . Uniques/NPCs Destroyed . | . . . . . . . . . . . . . . Combat | -11 -10 -9 -8 -7 -6 -5 -4 -4 -4 -3 -2 -2 -1 -------- Run | Scr Mat Mat Mat Fac Fac Fac Fac Upp Upp Res Res Tes Acc Damage Taken 21476 | . 251 691 478 4655 2286 138 169 97 . 3264 1180 106 8161 Core 2943 | . 56 105 71 580 217 . 21 . . 287 . . 1606 Absorbed by Shields 781 | . . . . 240 86 . . . . 242 . . 213 Reduced by Siege Mode 790 | . . . . . . . . . . 121 48 . 621 Core Remaining (%) 80 | 100 77 73 87 17 74 100 . . 98 77 . 100 . Volleys Fired 540 | . 19 49 45 103 68 6 5 17 . 95 28 12 93 Largest 7 | . 2 4 4 4 5 5 5 4 . 5 6 6 7 Hottest 482 | . 78 118 141 186 259 238 238 258 . 295 459 465 482 Shots Fired 1797 | . 38 186 180 333 222 30 25 20 . 287 131 22 323 Gun 1494 | . 28 160 180 322 192 30 25 3 . 190 95 14 255 Cannon 289 | . 10 23 . . 30 . . 17 . 97 36 8 68 Launcher 14 | . . 3 . 11 . . . . . . . . . Special . | . . . . . . . . . . . . . . Kinetic 1016 | . 24 183 135 197 136 18 15 3 . 180 26 8 91 Thermal 699 | . 14 . 45 125 80 12 10 13 . 76 98 14 212 Explosive 14 | . . 3 . 11 . . . . . . . . . Electromagnetic 68 | . . . . . 6 . . 4 . 31 7 . 20 Robot Hit Streak 32 | . 9 10 20 20 15 5 7 11 . 25 32 6 21 Robot Miss Streak 11 | . 4 4 3 11 7 5 3 . . 10 5 3 5 Penetration Max 1 | . . . 1 . . . . . . 1 . . 1 Secondary Targets 14 | . 1 4 1 4 1 . . . . 2 . . 1 Max Gunslinging Chain 1 | . 1 1 1 1 1 . . . . 1 . . 1 Shots Hit Robots 1174 | . 23 103 108 251 149 21 21 3 . 185 87 9 214 Core Hits 672 | . 12 44 49 165 105 21 25 6 . 133 40 1 71 Critical Kills 4 | . . . . . . . 1 . . 2 1 . . Critical Parts Destroyed 6 | . . . . . . . 1 . . 2 . . 3 Critical Strikes 45 | . 1 1 2 4 2 . 2 . . 6 3 2 22 Burn 17 | . 1 . 2 3 . . . . . . 2 2 7 Meltdown 3 | . . . . . . . . . . 2 1 . . Destroy 7 | . . . . . . . 2 . . 2 . . 3 Blast 10 | . . 1 . . . . . . . . . . 9 Corrupt 6 | . . . . . 1 . . . . 2 . . 3 Sever 2 | . . . . 1 1 . . . . . . . . Melee Attacks 44 | . . . . 41 2 . . . . 1 . . . Impact . | . . . . . . . . . . . . . . Slashing 43 | . . . . 41 2 . . . . . . . . Piercing 1 | . . . . . . . . . . 1 . . . Sneak Attacks 3 | . . . . 3 . . . . . . . . . Combat Hostiles . | . . . . . . . . . . . . . . Follow-up Attacks 4 | . . . . 4 . . . . . . . . . Damage Inflicted 33748 | . 323 1615 1828 7223 3602 857 496 91 . 5267 3033 367 9046 Guns 22892 | . 222 1225 1828 3745 2908 404 496 33 . 3470 2188 317 6056 Cannons 5680 | . 101 221 . . 536 . . 58 . 1780 799 . 2185 Explosions 3644 | . . 169 . 2258 76 453 . . . . . . 688 Melee 1238 | . . . . 1167 71 . . . . . . . . Ramming 294 | . . . . 53 11 . . . . 17 46 50 117 Kinetic 13327 | . 174 1446 1314 1822 1728 184 286 33 . 3295 454 . 2591 Thermal 15421 | . 149 . 514 2133 1640 673 210 30 . 1409 2421 317 5925 Explosive 2217 | . . 169 . 2048 . . . . . . . . . Electromagnetic 1251 | . . . . . 152 . . 28 . 546 112 . 413 Impact . | . . . . . . . . . . . . . . Slashing 1238 | . . . . 1167 71 . . . . . . . . Piercing . | . . . . . . . . . . . . . . Highest Corruption 24 | . . . . 1 2 . . . . 21 8 8 24 Average Corruption 5 | . . . . 1 1 . . . . 9 6 8 10 Corruption Purged . | . . . . . . . . . . . . . . Effects 129 | . . . . 12 6 . . . . 51 16 16 28 Message Errors 30 | . . . . 6 2 . . . . 8 4 6 4 Matter Fused 24 | . . . . . . . . . . 13 4 3 4 Heat Flow Errors 10 | . . . . . . . . . . 6 2 2 . Energy Discharges 11 | . . . . 1 2 . . . . 6 . 1 1 Parts Rejected 2 | . . . . . . . . . . . . 1 1 Data Loss (minor) 20 | . . . . 4 2 . . . . 6 4 3 1 Data Loss (major) 3 | . . . . . . . . . . 3 . . . Misfires 5 | . . . . . . . . . . 3 . . 2 Alerts 3 | . . . . . . . . . . 1 . . 2 Misdirections 10 | . . . . . . . . . . 2 . . 8 Weapon Failures 11 | . . . . 1 . . . . . 3 2 . 5 Overload Shots . | . . . . . . . . . . . . . . Overflow Damage 726 | . . . . 116 28 80 . . . 5 89 35 373 Projectiles 465 | . . . . . 2 . . . . 5 89 . 369 Explosions 155 | . . . . 49 26 80 . . . . . . . Melee 106 | . . . . 67 . . . . . . . 35 4 Knockbacks 28 | . 2 4 . . . . . . . . . 1 21 Impact 3 | . . . . . . . . . . . . 1 2 Kinetic 20 | . 2 4 . . . . . . . . . . 14 Secondary 5 | . . . . . . . . . . . . . 5 Self-Inflicted Damage 236 | . . 77 . 41 57 . . . . . . . 61 Shots 5 | . . 2 . 1 1 . . . . . . . 1 Rammed 25 | . . . . 9 2 . . . . 3 3 1 7 Targets Rammed 28 | . . . . 11 2 . . . . 3 4 1 7 Kicked . | . . . . . . . . . . . . . . Crushed 3 | . . . . 2 . . . . . . 1 . . Highest Temperature 361 | . 130 242 200 345 166 168 70 120 . 304 352 304 361 Average Temperature 77 | . 53 37 58 74 37 78 27 31 . 116 110 144 127 Received Heat Transfer 2487 | . 42 138 234 1119 543 27 57 18 . 126 27 . 156 Effects 7 | . . . . . . . . . . 3 . . 4 Energy Bleed 3 | . . . . . . . . . . 1 . . 2 Interference 4 | . . . . . . . . . . 2 . . 2 Siege Activations 14 | . . . . . . . . . . 6 2 . 6 Total Turns 391 | . . . . . . . . . . 178 49 . 164 Longest Duration 80 | . . . . . . . . . . 80 40 . 53 Robots Corrupted 1 | . . . . . . . . . . . . . 1 Combat Hostiles 1 | . . . . . . . . . . . . . 1 Parts Fried 3 | . . . . . . . . . . . 1 . 2 Impact Corruptions 4 | . . . . . . . . . . . . 1 3 Robots Melted 12 | . . . . 2 . . . . . 2 3 1 4 Combat Hostiles 11 | . . . . 2 . . . . . 2 3 1 3 Parts Melted 56 | . . . 2 6 3 2 . . . 3 24 3 13 Heat Transferred 20098 | . 481 . 1258 4299 2431 485 175 37 . 1295 2701 481 6455 Parts Sabotaged . | . . . . . . . . . . . . . . Parts Stolen . | . . . . . . . . . . . . . . Parts Stripped . | . . . . . . . . . . . . . . Power Chain Reactions 2 | . . . . . 1 . . . . . . . 1 Missiles Intercepted . | . . . . . . . . . . . . . . Alert | -11 -10 -9 -8 -7 -6 -5 -4 -4 -4 -3 -2 -2 -1 ------- Run | Scr Mat Mat Mat Fac Fac Fac Fac Upp Upp Res Res Tes Acc Peak Influence 934 | . 247 510 232 934 557 492 327 . . 258 265 267 680 Initial 452 | . . 19 152 105 452 267 240 . . 1 97 138 40 Average 260 | . 84 248 103 410 373 446 304 . . 101 156 184 299 Maximum Alert Level 3 | . 1 2 1 3 2 2 1 . . 1 1 1 2 Low Security (%) 49 | 100 89 41 98 39 2 . . . . 86 61 57 44 Level 1 24 | . 10 30 1 12 48 23 100 . . 13 38 42 24 Level 2 20 | . . 28 . 24 49 76 . . . . . . 31 Level 3 4 | . . . . 23 . . . . . . . . . Level 4 . | . . . . . . . . . . . . . . Level 5 . | . . . . . . . . . . . . . . High Security . | . . . . . . . . . . . . . . Max Security . | . . . . . . . . . . . . . . Squads Dispatched 44 | . 1 2 3 14 5 2 1 . . 5 3 1 7 Investigation 6 | . . . 1 2 2 . . . . . . . 1 Extermination 13 | . . . . 3 3 . . . . 3 1 1 2 Reinforcement 18 | . 1 2 2 4 . 2 . . . 2 2 . 3 Assault 2 | . . . . 1 . . . . . . . . 1 Garrison 5 | . . . . 4 . . 1 . . . . . . Intercept . | . . . . . . . . . . . . . . Construction Impeded 2 | . . 1 . 1 . . . . . . . . . Haulers Reinforced 5 | . . . . 2 . . . . . 1 . . 2 Active Scanning Responses . | . . . . . . . . . . . . . . Cargo Convoy Interrupts 1 | . . . . 1 . . . . . . . . . Stealth | -11 -10 -9 -8 -7 -6 -5 -4 -4 -4 -3 -2 -2 -1 --------- Run | Scr Mat Mat Mat Fac Fac Fac Fac Upp Upp Res Res Tes Acc Distress Signals 10 | . 1 1 . 5 1 . . . . . . . 2 Communications Jammed 82 | . . . . . . . . . . 18 15 . 49 Distress Signals 75 | . . . . . . . . . . 12 14 . 49 Times Spotted 281 | . 12 27 25 74 28 5 3 1 . 30 12 2 62 Peak Tracking Total 18 | . 3 5 5 12 7 2 1 1 . 4 2 1 18 Tactical Retreats 11 | . 1 . 2 4 1 . . . . . . . 3 Traps | -11 -10 -9 -8 -7 -6 -5 -4 -4 -4 -3 -2 -2 -1 ------- Run | Scr Mat Mat Mat Fac Fac Fac Fac Upp Upp Res Res Tes Acc Traps Triggered 5 | . 1 . 1 1 1 . . . . . . 1 . Indirectly . | . . . . . . . . . . . . . . Trap Hack Attempts . | . . . . . . . . . . . . . . Triggered . | . . . . . . . . . . . . . . Disarmed . | . . . . . . . . . . . . . . Reprogrammed . | . . . . . . . . . . . . . . Reused . | . . . . . . . . . . . . . . Traps Extracted . | . . . . . . . . . . . . . . Installed . | . . . . . . . . . . . . . . Triggered . | . . . . . . . . . . . . . . Machines | -11 -10 -9 -8 -7 -6 -5 -4 -4 -4 -3 -2 -2 -1 ---------- Run | Scr Mat Mat Mat Fac Fac Fac Fac Upp Upp Res Res Tes Acc Machines Disabled 23 | . . 1 1 11 2 5 . . . 1 . 1 1 Max in Single Turn 9 | . . 1 1 9 1 4 . . . 1 . 1 1 Garrison Access 2 | . . . . . . . 1 . . . 1 . . Machines Sabotaged . | . . . . . . . . . . . . . . Garrisons Compromised . | . . . . . . . . . . . . . . Overloaded Fab Kills . | . . . . . . . . . . . . . . Hacking | -11 -10 -9 -8 -7 -6 -5 -4 -4 -4 -3 -2 -2 -1 --------- Run | Scr Mat Mat Mat Fac Fac Fac Fac Upp Upp Res Res Tes Acc Machines Accessed 33 | . 5 3 5 4 2 1 1 . . 2 3 4 3 Terminals 27 | . 5 3 5 3 . 1 . . . 1 2 4 3 Fabricators 2 | . . . . . 2 . . . . . . . . Repair Stations 1 | . . . . . . . . . . 1 . . . Recycling Units . | . . . . . . . . . . . . . . Scanalyzers . | . . . . . . . . . . . . . . Garrison Access 3 | . . . . 1 . . 1 . . . 1 . . Total Hacks 73 | . 10 10 13 12 5 2 1 . . 5 3 6 6 Successful 27 | . 5 4 7 1 1 1 1 . . 3 1 2 1 Failed 45 | . 4 6 6 11 4 1 . . . 2 2 4 5 Catastrophic 12 | . . 2 1 3 . . . . . 1 2 2 1 Database Lockouts 1 | . 1 . . . . . . . . . . . . Manual 46 | . 8 7 11 8 3 1 . . . . 1 5 2 Terminals 61 | . 10 10 13 10 . 2 . . . 2 2 6 6 Fabricators 5 | . . . . . 5 . . . . . . . . Repair Stations 3 | . . . . . . . . . . 3 . . . Recycling Units . | . . . . . . . . . . . . . . Scanalyzers . | . . . . . . . . . . . . . . Garrison Access 4 | . . . . 2 . . 1 . . . 1 . . Terminal Hacks 17 | . 4 4 4 1 . 1 . . . 1 . 1 1 Record 1 | . . . . . . . . . . . . 1 . Part Schematic 1 | . . . . . . . . . . 1 . . . Robot Analysis 4 | . 2 2 . . . . . . . . . . . Level Access Points 2 | . 1 . . . . . . . . . . . 1 Alert Level 3 | . . 1 1 . . 1 . . . . . . . Unreport Threat 3 | . . 1 1 1 . . . . . . . . . Transport Status 1 | . . . 1 . . . . . . . . . . Hauler Manifests 2 | . 1 . 1 . . . . . . . . . . Fabricator Hacks . | . . . . . . . . . . . . . . Repair Station Hacks 2 | . . . . . . . . . . 2 . . . Scan Component 1 | . . . . . . . . . . 1 . . . Repair 1 | . . . . . . . . . . 1 . . . Recycling Unit Hacks . | . . . . . . . . . . . . . . Scanalyzer . | . . . . . . . . . . . . . . Garrison Access Hacks 2 | . . . . . . . 1 . . . 1 . . Seal Access 2 | . . . . . . . 1 . . . 1 . . Unauthorized Hacks 6 | . 1 . 3 . 1 . . . . . . 1 . Terminals 5 | . 1 . 3 . . . . . . . . 1 . Track 1 | . . . 1 . . . . . . . . . . Botnet 4 | . 1 . 2 . . . . . . . . 1 . Fabricators 1 | . . . . . 1 . . . . . . . . Fabnet 1 | . . . . . 1 . . . . . . . . Repair Stations . | . . . . . . . . . . . . . . Recycling Units . | . . . . . . . . . . . . . . Scanalyzers . | . . . . . . . . . . . . . . Garrison Access . | . . . . . . . . . . . . . . Data Cores Recovered 1 | . . . . . . . . . . . . . 1 Used . | . . . . . . . . . . . . . . Hacking Detections 27 | . 3 2 4 4 2 1 . . . 2 2 4 3 Full Trace Events 4 | . . . . 2 1 . . . . . . . 1 Feedback Events 1 | . . . . 1 . . . . . . . . . Corruption 1 | . . . . 1 . . . . . . . . . Feedback Blocked . | . . . . . . . . . . . . . . Robot Schematics Acquired . | . . . . . . . . . . . . . . Robots Built . | . . . . . . . . . . . . . . Authchips . | . . . . . . . . . . . . . . Time . | . . . . . . . . . . . . . . Total Robot Build Rating . | . . . . . . . . . . . . . . Part Schematics Acquired 1 | . . . . . . . . . . 1 . . . Parts Built . | . . . . . . . . . . . . . . Authchips . | . . . . . . . . . . . . . . Time . | . . . . . . . . . . . . . . Total Part Build Rating . | . . . . . . . . . . . . . . Parts Repaired 1 | . . . . . . . . . . 1 . . . Time 22 | . . . . . . . . . . 22 . . . Parts Recycled . | . . . . . . . . . . . . . . Recycled Matter . | . . . . . . . . . . . . . . Retrieved Matter . | . . . . . . . . . . . . . . Retrieved Components . | . . . . . . . . . . . . . . Parts Scanalyzed . | . . . . . . . . . . . . . . Part Schematics Acquired . | . . . . . . . . . . . . . . Parts Damaged . | . . . . . . . . . . . . . . Bothacking | -11 -10 -9 -8 -7 -6 -5 -4 -4 -4 -3 -2 -2 -1 ------------ Run | Scr Mat Mat Mat Fac Fac Fac Fac Upp Upp Res Res Tes Acc Used RIF Installer . | . . . . . . . . . . . . . . Robots Hacked . | . . . . . . . . . . . . . . Non-combat . | . . . . . . . . . . . . . . Combat . | . . . . . . . . . . . . . . Robot Hacks Applied . | . . . . . . . . . . . . . . Relay Couplers Released 3 | . . . . . . . . . . 3 . . . Programmers 3 | . . . . . . . . . . 3 . . . Fabnet Peak Effective % 3 | . . . . . . 3 1 1 1 . . . . Robots Rewired . | . . . . . . . . . . . . . . Allies Hacked . | . . . . . . . . . . . . . . Hacks Repelled . | . . . . . . . . . . . . . . Allies | -11 -10 -9 -8 -7 -6 -5 -4 -4 -4 -3 -2 -2 -1 -------- Run | Scr Mat Mat Mat Fac Fac Fac Fac Upp Upp Res Res Tes Acc Total Allies . | . . . . . . . . . . . . . . Largest Group . | . . . . . . . . . . . . . . Highest-Rated Group . | . . . . . . . . . . . . . . Highest-Rated Ally . | . . . . . . . . . . . . . . Total Orders 5 | . . . . . 3 . . 2 . . . . . EXPLORE 3 | . . . . . 1 . . 2 . . . . . RETURN 2 | . . . . . 2 . . . . . . . . Ally Attacks . | . . . . . . . . . . . . . . Total Damage . | . . . . . . . . . . . . . . Kills . | . . . . . . . . . . . . . . Allies Corrupted . | . . . . . . . . . . . . . . Allies Melted . | . . . . . . . . . . . . . . Intel | -11 -10 -9 -8 -7 -6 -5 -4 -4 -4 -3 -2 -2 -1 ------- Run | Scr Mat Mat Mat Fac Fac Fac Fac Upp Upp Res Res Tes Acc Robot Analysis Total 4 | . 2 2 . . . . . . . . . . . Derelict Logs Recovered 2 | . . . . . . . . 2 . . . . . Drone Launches 5 | . . . . . 3 . . 2 . . . . . Drone Recoveries 2 | . . . . . 2 . . . . . . . . Exploration | -11 -10 -9 -8 -7 -6 -5 -4 -4 -4 -3 -2 -2 -1 ------------- Run | Scr Mat Mat Mat Fac Fac Fac Fac Upp Upp Res Res Tes Acc Turns Passed 11656 | 3 604 636 1193 2294 1921 308 302 622 59 1678 679 410 947 Spaces Moved 6069 | 3 379 363 547 1122 966 196 207 423 45 761 323 237 497 Core 193 | . . . . 83 . . . . . . . . 110 Treads 3422 | . . . 541 757 659 . . . . 605 323 237 300 Legs 285 | 3 281 . . . 1 . . . . . . . . Wheels 2082 | . 98 363 6 282 306 196 207 423 45 156 . . . Hover 1 | . . . . . . . . . . . . . 1 Flight 86 | . . . . . . . . . . . . . 86 Fastest Speed 45 | 120 110 110 120 50 100 110 100 116 131 116 150 150 45 Average Speed 140 | 120 128 117 171 145 147 138 110 126 131 145 150 150 108 Slowest Speed 260 | 120 260 125 240 240 190 200 116 131 131 160 150 150 180 Overloaded Moves . | . . . . . . . . . . . . . . Propulsion Burnouts . | . . . . . . . . . . . . . . Robots Hopped 2 | . . . . . . . . . . . . . 2 Cave-ins Triggered 1 | . . . . . . . . . . 1 . . . Exploration Rate (%) 24 | 2 53 41 37 21 27 7 5 68 13 16 8 35 16 Regions Visited 13 Branch Regions 3 Pre-discovered Areas . | . . . . . . . . . . . . . . Known Exits Taken 2 | . 1 . . . . . . 1 . . . . . Unknown Exits Taken 11 | 1 . 1 1 1 1 1 1 . 1 1 1 1 . Scrap Searched 2 | . . . . . . . . . 2 . . . . Spaces Dug 26 | . . . . 5 . . . 5 . 7 . 4 5 Terrain Destroyed 216 | . . 20 1 46 11 26 . 12 . 20 16 10 54 Melee 6 | . . . . 5 . . . . . 1 . . . Projectile 107 | . . 2 1 . 4 1 . 12 . 19 16 10 42 AOE 103 | . . 18 . 41 7 25 . . . . . . 12 Terrain Rammed . | . . . . . . . . . . . . . . Walls Destroyed . | . . . . . . . . . . . . . . Machines Disabled . | . . . . . . . . . . . . . . Actions | -11 -10 -9 -8 -7 -6 -5 -4 -4 -4 -3 -2 -2 -1 --------- Run | Scr Mat Mat Mat Fac Fac Fac Fac Upp Upp Res Res Tes Acc Total 8025 | 2 461 467 700 1499 1314 216 268 492 45 1172 438 272 679 Wait 782 | . 33 23 67 109 177 2 40 44 . 190 47 11 39 Move 6051 | 2 378 362 546 1121 965 195 206 422 44 759 322 236 493 Hop 2 | . . . . . . . . . . . . . 2 Pick Up 103 | . 15 6 8 11 23 1 4 2 . 27 4 . 2 Fast Attach 112 | . 3 2 8 29 26 1 1 1 . 13 11 4 13 Attach 62 | . . 3 3 10 5 5 2 1 1 14 3 2 13 Detach 28 | . . 2 1 2 5 2 . . . 4 1 3 8 Swap 97 | . 6 9 5 26 14 3 4 2 . 18 7 . 3 Drop 173 | . 7 11 17 34 27 1 6 3 . 47 11 3 6 Fire 540 | . 19 49 45 103 68 6 5 17 . 95 28 12 93 Melee 38 | . . . . 35 2 . . . . 1 . . . Ram 1 | . . . . . . . . . . . . . 1 Kick . | . . . . . . . . . . . . . . Crush 27 | . . . . 11 2 . . . . 3 4 1 6 Escape Stasis 9 | . . . . 8 . . . . . 1 . . . Rewire . | . . . . . . . . . . . . . . Trap . | . . . . . . . . . . . . . . Miscellaneous . | . . . . . . . . . . . . . . Route ------- -11/Scrapyard -10/Materials (discovered 4 exits: *Mat x3 / [*Min]) -9/Materials (discovered 2 exits: *Mat / [*Min]) -8/Materials -7/Factory -6/Factory (discovered 2 exits: *Fac / [*Ext]) -5/Factory -4/Factory -4/Upper Caves -4/Upper Caves -3/Research -2/Research -2/Testing -1/Access (discovered 1 exit: Sur) History --------- Turn | Location | Event 1 | -11/Scrapyard | Discovered new exit (range 2) 4 | -11/Scrapyard | Entered Materials 65 | -10/Materials | Central database locked down 290 | -10/Materials | Discovered new exit (range 15) 305 | -10/Materials | Build established: Mutant 528 | -10/Materials | Discovered new exit (range 6) 584 | -10/Materials | Identified exit to Materials 608 | -10/Materials | Entered another Materials area 608 | -9/Materials | Evolved 2 slots: Weapon x2 854 | -9/Materials | Discovered new exit (range 7) 933 | -9/Materials | Build established: Skirmisher 1018 | -9/Materials | Destroyed 8 combat bots 1220 | -9/Materials | Discovered new exit (range 15) 1244 | -9/Materials | Entered another Materials area 1244 | -8/Materials | Evolved 2 slots: Propulsion x1, Utility x1 2170 | -8/Materials | Build established: Scavenger-Skirmisher 2424 | -8/Materials | Discovered new exit (range 9) 2437 | -8/Materials | Entered Factory 2437 | -7/Factory | Evolved 2 slots: Propulsion x1, Utility x1 2736 | -7/Factory | Garrison activated, responded to threat 2739 | -7/Factory | Build established: Scavenger-Tank 2767 | -7/Factory | Discovered new exit (range 5) 2996 | -7/Factory | Garrison activated, responded to threat 3498 | -7/Factory | Build established: Scavenger-Skirmisher 3653 | -7/Factory | Cargo convoy interrupted 3693 | -7/Factory | Destroyed 10 combat bots 3759 | -7/Factory | Released all parts (6) 3782 | -7/Factory | Core integrity fell below 50% 3789 | -7/Factory | Lost 6 parts (3n3w) 4060 | -7/Factory | Build established: Mutant 4437 | -7/Factory | First assault squad dispatched 4729 | -7/Factory | Core integrity fell below 20% 4731 | -7/Factory | Entered another Factory area 4731 | -6/Factory | Evolved 2 slots: Utility x1, Weapon x1 5106 | -6/Factory | Discovered new exit (range 58) 5110 | -6/Factory | Build established: Scavenger-Tank 5168 | -6/Factory | Lost 7 parts (2n3u2w) 6154 | -6/Factory | Lost 6 parts (3n3w) 6479 | -6/Factory | Build established: Scavenger-Skirmisher 6648 | -6/Factory | Discovered new exit (range 4) 6652 | -6/Factory | Entered another Factory area 6652 | -5/Factory | Evolved 2 slots: Utility x2 6888 | -5/Factory | Discovered new exit (range 20) 6936 | -5/Factory | Build established: Scavenger-Tank 6960 | -5/Factory | Entered another Factory area 6960 | -4/Factory | Evolved 2 slots: Power x1, Propulsion x1 7024 | -4/Factory | Garrison activated, responded to threat 7228 | -4/Factory | Discovered new exit (range 17) 7262 | -4/Factory | Entered Upper Caves 7316 | -4/Upper Caves | Learned Research terminal intel 7379 | -4/Upper Caves | Attracted the attention of an 0b10 checkpoint 7528 | -4/Upper Caves | Identified exit to Upper Caves 7714 | -4/Upper Caves | Build established: Scavenger-Mutant 7884 | -4/Upper Caves | Entered another Upper Caves area 7931 | -4/Upper Caves | Discovered new exit (range 5) 7943 | -4/Upper Caves | Entered Research 7943 | -3/Research | Evolved 2 slots: Propulsion x1, Utility x1 7944 | -3/Research | Loaded intel: 24 terminal locations 8012 | -3/Research | Crushed by falling debris 8092 | -3/Research | Repaired Imp. Medium Armor Plating 8789 | -3/Research | System corruption reached 10% 8979 | -3/Research | Lost 4 parts (2u2w) 9245 | -3/Research | Build established: Scavenger-Tank 9486 | -3/Research | Discovered new exit (range 8) 9621 | -3/Research | Entered another Research area 9621 | -2/Research | Evolved 2 slots: Utility x1, Weapon x1 9853 | -2/Research | Lost 3 parts (3w) 10135 | -2/Research | Build established: Scavenger-Executioner 10189 | -2/Research | Discovered new exit (range 22) 10280 | -2/Research | Found Prototype Device 10280 | -2/Research | Identified Exp. Force Field 10300 | -2/Research | Entered Testing 10363 | -2/Testing | Unstable Terrabomb Derivative detonated 10600 | -2/Testing | Discovered new exit (range 17) 10710 | -2/Testing | Entered Access 10710 | -1/Access | Evolved 2 slots: Utility x1, Weapon x1 10732 | -1/Access | Identified exit to Surface 11395 | -1/Access | System corruption reached 10% 11397 | -1/Access | Lost 6 parts (1p2n3u) 11419 | -1/Access | Destroyed 8 combat bots 11499 | -1/Access | First assault squad dispatched 11630 | -1/Access | Core integrity fell below 50% 11647 | -1/Access | Core integrity fell below 20% 11653 | -1/Access | Lost 23 parts (2p5n9u7w) 11657 | -1/Access | Destroyed by S-43 Plague with Heavy Machine Gun Last Messages --------------- 11613_ Adv. Heat Sink destroyed. 11617_ Destroyed Adv. Remote Datajack. 11619_ Adv. Heat Sink destroyed. 11619_ Imp. Heavy Siege Treads destroyed. 11621_ Dropped Enh. Quantum Rifle. 11622_ Lrn. Tractor Beam destroyed. 11622_ Slammed into P-80 Master. 11624_ System corrupted: IFF burst signal emitted. 11624_ Penetrated by Slug. 11624_ P-80 Master resets P-80 Master, system corruption cleaned. 11624_ W-44 Eye sends out distress signal. 11627_ Penetrated by Slug. 11627_ Slug penetrates Wall. 11631_ P-80 Master resets S-43 Plague, system corruption cleaned. 11635_ P-80 Master resets Y-72 Warden, system corruption cleaned. 11641_ Connecting with Terminal... 11641_ ALERT: Suspicious activity at Terminal A001. Dispatching Investigation squad. 11646_ P-80 Master resets S-43 Plague, system corruption cleaned. 11654_ Adv. Target Analyzer destroyed. Map ----- +----------------------------------------------------+ | ??????????????????????????" #????????????? | | ??????????????????????????" #????????????? | | ??????????????????????????" #????????????? | | ?????????????????????